Map: Cyber Forest LE

Players

Creator

  • Race: Protoss Protoss
  • Spawn Location: 5:00

SpeCial - Winner!

  • Race: Terran Terran
  • Spawn Location: 11:00

Event: IEM Season 13: Katowice (2019)

VOD

Have the link to the VOD?

Description

Time

  • Played on: Feb. 28, 2019, 7:31 a.m.
  • Length: 10:02

All games in this series

Show
View Real Time Build Order
Export as new Build Order

Creator Protoss 

Build Orders: 1 Gate Expand, Oracle Opening 

Get SALT Encoding   

  12  0:00  Probe  
  13  0:12  Probe  
  14  0:17  Pylon  
  14  0:24  Probe  
  15  0:32  Probe  
  15  0:35  Gateway  
  15  0:40  Probe  
  16  0:45  Assimilator  
  17  0:51  Probe  
  18  1:03  Probe  
  19  1:15  Probe  
  20  1:23  Cybernetics Core  
  20  1:33  Nexus  
  20  1:36  Probe  
  21  1:44  Pylon  
  21  1:48  Probe  
  21  1:50  Assimilator  
  21  1:52  Adept  
  22  2:00  Probe  
  25  2:12  Adept, Probe  
  28  2:24  Probe  
  29  2:33  Stargate  
  29  2:36  Warp Gate, Probe  
  30  2:43  Adept  
  31  2:46  Probe  
  31  2:48  Probe  
  33  2:58  Probe  
  34  3:00  Probe  
  35  3:06  Probe  
  35  3:08  Oracle  
  35  3:09  Pylon  
  36  3:13  Probe  
  36  3:14  Probe  
  41  3:24  Probe  
  41  3:25  Probe  
  43  3:37  Probe x2  
  45  3:43  Gateway  
  45  3:45  Gateway, Oracle  
  45  3:46  Pylon  
  45  3:47  Probe  
  48  3:50  Probe  
  50  3:56  Probe  
  52  4:02  Probe  
  52  4:04  Probe  
  52  4:07  Pylon  
  53  4:14  Probe  
  53  4:15  Probe  
  53  4:16  Oracle  
  55  4:19  Shield Battery  
  55  4:20  Shield Battery  
  57  4:26  Stalker  
  60  4:33  Nexus  
  60  4:37  Pylon  
  60  4:39  Stalker  
  60  4:43  Probe x2  
  64  4:48  Assimilator  
  64  4:52  Assimilator  
  64  4:56  Twilight Council, Forge  
  64  4:58  Probe x2  
  66  5:06  Shield Battery, Robotics Facility  
  66  5:10  Probe  
  66  5:11  Probe  
  68  5:17  Phoenix  
  70  5:23  Probe x2, Stalker  
  74  5:32  Protoss Ground Weapons Level 1  
  74  5:35  Probe x2  
  76  5:42  Immortal  
  76  5:44  Stalker x2  
  76  5:47  Zealot  
  82  5:53  Probe x3  
  89  6:00  Blink  
  89  6:05  Probe x3  
  90  6:19  Gateway, Pylon  
  90  6:20  Pylon, Warp Prism  
  90  6:21  Gateway  
  90  6:23  Gateway  
  90  6:32  Pylon  
  92  6:37  Pylon  
  92  6:44  Gateway, Stalker x3  
  92  6:45  Gateway  
  98  6:51  Immortal  
  98  6:57  Probe x2  
  98  6:58  Probe  
  98  7:00  Templar Archives  
  105  7:02  Pylon  
  105  7:10  Stalker x2  
  105  7:14  Stalker x2  
  106  7:31  Probe  
  106  7:37  Protoss Ground Armor Level 1  
  106  7:40  Probe, Assimilator, Charge  
  106  7:41  Probe  
  106  7:42  Assimilator  
  106  7:43  Probe  
  109  7:48  Pylon, Probe  
  109  7:53  Probe  
  109  7:55  Probe  
  109  7:56  Probe  
  104  8:05  Probe  
  106  8:07  Zealot x6, Probe  
  106  8:08  Zealot, Probe  
  106  8:09  Pylon  
  122  8:13  Immortal  
  122  8:16  Zealot  
  122  8:17  Pylon  
  128  8:28  High Templar x2  
  128  8:29  Zealot x4  
  128  8:33  Archon  
  137  8:42  Stalker x2  
  124  8:51  Zealot x3, Stalker  
  89  9:03  Stalker x2  
  89  9:07  Stalker  
  84  9:11  Sentry x2  
  84  9:12  Sentry x2  
  77  9:26  Stalker x3  
  73  9:32  Zealot  
  73  9:35  Zealot x2  
  73  9:36  Zealot x2  
  73  9:38  Zealot  
  73  9:42  Stalker  
  55  9:52  Zealot x3  
Show
View Real Time Build Order
Export as new Build Order

SpeCial Terran - Winner!

Build Orders: Reaper Expand, Banshee Rush 

Get SALT Encoding   

  12  0:00  SCV  
  13  0:12  SCV  
  14  0:17  Supply Depot  
  14  0:25  SCV  
  15  0:39  SCV  
  15  0:40  Barracks  
  16  0:43  Refinery  
  16  0:51  SCV  
  17  1:03  SCV  
  18  1:15  SCV  
  19  1:28  Reaper, Orbital Command  
  20  1:40  Command Center  
  20  1:51  Supply Depot  
  20  1:54  SCV  
  20  2:00  Marine  
  22  2:05  Factory  
  22  2:08  SCV  
  23  2:12  Refinery  
  23  2:20  SCV  
  23  2:22  Barracks Reactor  
  24  2:32  SCV  
  25  2:44  SCV  
  25  2:50  Starport  
  26  2:53  Orbital Command  
  26  2:56  SCV, Hellion  
  26  2:57  Marine  
  26  2:58  Marine  
  30  3:08  SCV  
  31  3:15  Marine  
  31  3:16  Marine  
  33  3:20  SCV x2  
  33  3:22  Widow Mine  
  37  3:28  Starport Tech Lab  
  37  3:32  SCV  
  37  3:33  Supply Depot  
  38  3:34  Marine x2  
  38  3:39  SCV  
  40  3:43  Widow Mine  
  40  3:44  SCV  
  40  3:46  Cloaking Field  
  40  3:47  Banshee  
  46  3:51  Supply Depot  
  46  3:54  SCV  
  47  3:56  SCV  
  47  4:01  Marine x2  
  50  4:04  Factory Tech Lab  
  50  4:06  SCV  
  50  4:08  SCV  
  52  4:18  SCV  
  52  4:20  Barracks, SCV  
  52  4:23  Barracks  
  52  4:24  Siege Tank  
  57  4:28  Marine  
  59  4:32  Supply Depot  
  59  4:35  Banshee  
  59  4:36  SCV  
  62  4:50  SCV x2  
  62  4:53  Marine x2  
  62  4:55  Supply Depot  
  62  4:56  Engineering Bay  
  62  4:59  Siege Tank  
  67  5:02  SCV x2  
  69  5:11  Marine  
  70  5:17  SCV x2  
  70  5:18  Barracks  
  70  5:19  Refinery  
  72  5:23  Marine  
  72  5:24  Terran Infantry Weapons Level 1  
  72  5:26  Starport Reactor  
  73  5:28  Marine  
  73  5:29  SCV x2, Marine  
  77  5:38  Stimpack  
  77  5:41  SCV  
  78  5:43  Barracks, Supply Depot  
  78  5:44  Refinery  
  78  6:01  Factory Reactor  
  78  6:05  Supply Depot, SCV x2, Marine x4  
  78  6:08  Supply Depot  
  78  6:10  Medivac  
  86  6:11  Medivac  
  86  6:17  Supply Depot  
  86  6:27  Marauder x2, Marine x2  
  86  6:29  Supply Depot  
  86  6:30  Supply Depot  
  86  6:31  Barracks Tech Lab, Barracks Reactor  
  92  6:40  Medivac  
  92  6:45  Marine  
  95  6:47  SCV x2  
  95  6:48  Marine  
  95  6:49  Marauder x2  
  95  6:51  Widow Mine x2, Medivac  
  107  6:57  Command Center  
  107  7:02  Marine  
  107  7:03  Supply Depot  
  108  7:09  Marine  
  108  7:10  Marine x2  
  108  7:11  Marauder x2  
  108  7:12  Combat Shield  
  112  7:20  Marine  
  109  7:26  SCV  
  109  7:29  Marine x2  
  109  7:31  Concussive Shells  
  109  7:33  Widow Mine  
  109  7:34  Widow Mine  
  109  7:35  Terran Infantry Armor Level 1  
  107  7:38  Medivac x2, Marine  
  107  7:41  Marine  
  107  7:42  Marauder  
  115  7:49  Marine x2  
  119  7:51  Marauder  
  117  8:00  Widow Mine x2  
  117  8:01  Liberator  
  117  8:03  Liberator  
  121  8:08  SCV  
  124  8:21  Widow Mine x2  
  131  8:30  Marauder, Marine  
  134  8:35  Marine x2  
  134  8:43  Widow Mine  
  130  8:51  Marauder, Marine  
  130  8:53  Marine  
  130  8:54  Marauder  
  130  8:55  Widow Mine  
  112  9:03  Marauder  
  112  9:04  Widow Mine  
  112  9:06  Orbital Command  
  113  9:11  Marine  
  113  9:13  Marauder  
  113  9:16  Widow Mine  
  118  9:21  Marauder, Marine  
  118  9:22  SCV  
  114  9:26  Widow Mine  
  114  9:30  Marauder  
  113  9:31  Orbital Command  
  113  9:34  Marauder  
  113  9:36  Marine  
  113  9:38  Widow Mine  
  117  9:41  SCV x2  

Tags
 
Add a new tag
Caveats
  • Supply blocks, unpowered buildings, or Contaminate may cause inaccurate times.
  • Supply counts are checked every 10 seconds.